 Dungeon Sprint DCSS version 0.24.0-28-g17ded55e90 (webtiles) character file.

Game seed: 15074396732581822671, levelgen mode: deterministic

582 Nattfarinn the Covert (level 7, -7/39 HPs)
             Began as a Vampire Assassin on Nov 12, 2019.
             Mangled by a sixfirhy (9 damage)
             ... summoned by a kobold demonologist
             ... in the Dungeon (Sprint I: "Red Sonja").
             The game lasted 00:02:34 (509 turns).

Nattfarinn the Covert (Vampire Assassin)             Turns: 509, Time: 00:02:34

Health: -7/39      AC: -1    Str: 10    XL:     7   Next: 14%
Magic:  7/7        EV: 23    Int: 13    God:
Gold:   216        SH:  0    Dex: 18    Spells: 6/6 levels left

rFire    . . .     SeeInvis +   a - +2 dagger
rCold    + + .     Gourm    .   (no shield)
rNeg     + + +     Faith    .   b - +0 robe
rPois    ∞         Spirit   .   (no helmet)
rElec    .         Reflect  .   c - +0 cloak
rCorr    .         Harm     .   (no gloves)
MR       .....     NoTele   +   (no boots)
Stlth    ++++++++..             (no amulet)
HPRegen  0.00/turn              (no ring)
MPRegen  0.10/turn              (no ring)

@: corroded, bloodless, regenerating quickly
A: no food, fangs 3, see invisible, unbreathing
a: Bat Form, Revivify


You were in the Dungeon.
You were bloodless.

You visited 1 branch You collected 216 gold pieces.

Inventory:

Hand Weapons
 a - a +2 dagger (weapon)
Missiles
 d - 8 poisoned darts (quivered)
 e - 2 curare-tipped darts
Armour
 b - a +0 robe (worn)
 c - a +0 cloak (worn)
Scrolls
 k - a scroll of blinking
Potions
 f - a potion of curing
 i - 2 potions of magic
 j - a potion of berserk rage


   Skills:
 - Level 1.7 Fighting
 - Level 2.1 Short Blades
 - Level 1.5 Throwing
 * Level 13.1 Dodging
 - Level 14.5 Stealth


You had 6 spell levels left.
You didn't know any spells.
Your spell library was empty.

Dungeon Overview and Level Annotations

Branches:
Dungeon (1/1)

Altars:
Makhleb
Sif Muna
Vehumet
Wu Jian
Xom
Jiyva
Lugonu


Innate Abilities, Weirdness & Mutations

You do not eat.
You do not regenerate when monsters are visible.
You are frail without blood (-20% HP).
You can heal yourself when you bite living creatures.
You are immune to poison.
You have razor-sharp teeth.
You have supernaturally acute eyesight. (SInv)
You can survive without breathing.


Message History

The kobold demonologist is lightly wounded.
The crimson imp shouts, "Back with thee, thou unctious bloodless barnacle!"
The kobold demonologist hits you but does no damage.
You barely miss the kobold demonologist.
You bite the kobold demonologist.
You draw the kobold demonologist's blood!
You feel better.
The kobold demonologist is lightly wounded.
The sixfirhy barely misses you. The sixfirhy completely misses you.
The sixfirhy hits you. The sixfirhy shocks you!
* * * LOW HITPOINT WARNING * * *
The rust devil hits you!
* * * LOW HITPOINT WARNING * * *
The rust devil corrodes you!
The kobold demonologist closely misses you.
You feel much better. The sixfirhy barely misses you. The sixfirhy hits you!
The sixfirhy shocks you!
* * * LOW HITPOINT WARNING * * *
The sixfirhy barely misses you. The sixfirhy hits you!
You die...

######################
..'..#.)'..#__#4@3K55#
[.#.)'..#..'..'.K#455#
####+#####'#__####55.+
#(#### ##### ##%#
#+#_.+ +..._# #_.#+#
##+


You could see a rust devil, 2 kobold demonologists, a sixfirhy, a red devil, a
crimson imp, 2 shadow imps and 2 ufetubi.

Vanquished Creatures
  A slime creature (D)
  Sigmund (D)
  A floating eye (D)
  An ogre (D)
  A jelly (D)
  Ijyb (D)
6 creatures vanquished.

Vanquished Creatures (others)
  A gargoyle (D)
1 creature vanquished.

Grand Total: 7 creatures vanquished

Notes
Turn   | Place    | Note
-------+----------+-------------------------------------------
     0 | D        | Nattfarinn the Vampire Assassin began the quest for the
                  | Orb.
     0 | D        | Reached XP level 1. HP: 16/16 MP: 1/1
     7 | D        | Noticed Ijyb
    22 | D        | Killed Ijyb
    22 | D        | Reached skill level 10 in Stealth
    22 | D        | Reached XP level 2. HP: 7/17 MP: 2/2
   103 | D        | Killed a gargoyle
   221 | D        | Noticed an ogre
   224 | D        | Killed an ogre
   224 | D        | Reached skill level 14 in Stealth
   224 | D        | Reached XP level 3. HP: 21/21 MP: 3/3
   224 | D        | Reached XP level 4. HP: 26/26 MP: 4/4
   226 | D        | Noticed Sigmund
   244 | D        | Killed Sigmund
   244 | D        | Reached XP level 5. HP: 9/30 MP: 5/5
   459 | D        | Found a shimmering blue altar of Sif Muna.
   460 | D        | Found an ornate altar of the Wu Jian Council.
   461 | D        | Found a radiant altar of Vehumet.
   465 | D        | Reached XP level 6. HP: 35/35 MP: 6/6
   471 | D        | Found a burning altar of Makhleb.
   471 | D        | Found a viscous altar of Jiyva.
   471 | D        | Found a shimmering altar of Xom.
   471 | D        | Found a corrupted altar of Lugonu.
   471 | D        | Noticed a slime creature
   474 | D        | Killed a slime creature
   487 | D        | Noticed a kobold demonologist
   487 | D        | Noticed a floating eye
   488 | D        | Noticed a kobold demonologist
   494 | D        | Noticed a red devil
   495 | D        | Paralysed by a floating eye for 3 turns
   498 | D        | Noticed a sixfirhy
   500 | D        | Killed a floating eye
   500 | D        | Reached XP level 7. HP: 34/39 MP: 7/7
   502 | D        | Noticed a red devil
   506 | D        | Noticed a rust devil
   508 | D        | HP: 1/39 [rust devil[a kobold demonologist] (7)]
   509 | D        | Mangled by a sixfirhy

Levels and vault maps discovered:
D:        dungeon_sprint_1 [red_sonja_temple_1, red_sonja_temple_small_1]

Skill      XL: |  1  2  3  4  5  6 |
---------------+-------------------+-----
Stealth        | 10 14 | 14.5
Dodging        | 9 13 | 13.1
Fighting       | |  1.7
Short Blades   | |  2.1
Throwing       | |  1.5

Action                   |  1- 3 |  4- 6 |  7- 9 || total
-------------------------+-------+-------+-------++-------
Melee: Dagger            |    14 |    24 |     8 ||    46
       Bite              |       |     1 |     2 ||     3
 Abil: Exsanguinate      |     1 |       |       ||     1
  Use: Potion            |     1 |       |     1 ||     2
 Stab: Sleeping          |     1 |     2 |       ||     3
Armor: Robe              |     1 |     1 |       ||     2
Dodge: Dodged            |     6 |     7 |    12 ||    25
